 Dungeon Crawl Stone Soup version 0.32-a0-172-gc5dd13f2a7 (webtiles) character file.

Game seed: 12461527615744500454

2598 inqbanana the Slasher (level 9, -1/67 HPs)
             Began as a Demonspawn Gladiator on Feb 13, 2024.
             Was an Initiate of Ru.
             Killed by vampiric draining
             ... invoked by a vampire
              (18 damage)
             ... on level 8 of the Dungeon.
             The game lasted 00:18:28 (7616 turns).

inqbanana the Slasher (Demonspawn Gladiator)        Turns: 7616, Time: 00:18:28

Health: -1/67      AC: 18    Str: 15    XL:     9   Next: 33%
Magic:  14/14      EV:  8    Int: 13    God:    Ru [......]
Gold:   396        SH:  7    Dex: 18    Spells: 14/14 levels left

rFire   . . .        a - +1 long sword (chaos)
rCold   . . .        q - +2 buckler
rNeg    . . .        j - +2 chain mail {rPois}
rPois   +            c - +1 helmet
rElec   .            u - scarf {shadows}
rCorr   .            f - +0 pair of gloves
SInv    +            (no boots)
Will    .....        (no amulet)
Stlth   +++          o - ring of see invisible
HPRegen 0.31/turn    k - +4 ring of protection
MPRegen 0.14/turn

%: no passive effects
@: no status effects
A: thin skeletal structure 2, foul stench 1, powered by death 1
a: Renounce Religion


You were on level 8 of the Dungeon.
You worshipped Ru.
Ru was noncommittal.
You visited 2 branches of the dungeon, and saw 9 of its levels.

You collected 396 gold pieces.

Inventory:

Hand Weapons
 a - a +1 long sword of chaos (weapon)
Armour
 c - a +1 helmet (worn)
 f - a +0 pair of gloves (worn)
 j - a +2 chain mail of poison resistance (worn)
 q - a +2 buckler (worn)
 u - a scarf of shadows (worn)
Jewellery
 i - a +6 ring of dexterity
 k - a +4 ring of protection (right hand)
 o - a ring of see invisible (left hand)
Wands
 l - a wand of quicksilver (17)
Scrolls
 b - 2 scrolls of blinking
 g - a scroll of summoning
 m - 6 scrolls of identify
 n - 2 scrolls of revelation
 p - 3 scrolls of enchant weapon
 t - a scroll of teleportation


   Skills:
 + Level 4.8 Fighting
 * Level 6.1 Long Blades
 - Level 1.7 Throwing
 + Level 3.5 Armour
 + Level 4.7 Dodging
 * Level 5.9 Stealth
 + Level 3.3 Shields
 + Level 3.4 Spellcasting


You had 14 spell levels left.
You didn't know any spells.
Your spell library contained the following spells:

 Spells                   Type           Power      Damage    Failure   Level
 Sublimation of Blood     Necr           2%         N/A       99%         2
 Fugue of the Fallen      Necr           2%         N/A       100%        3
 Animate Armour           Summ/Erth      4%         N/A       100%        4
 Martyr's Knell           Necr/Summ      2%         N/A       100%        4
 Vhi's Electric Charge    Tloc/Air       4%         N/A       100%        4
 Arcjolt                  Conj/Air       1%         1d11      100%        5
 Summon Forest            Summ/Tloc      1%         N/A       100%        5
 Maxwell's Capacitive Co  Air            1%         ∞         100%        8


Dungeon Overview and Level Annotations

Branches:
Dungeon (8/15)             Temple (1/1) D:4
   Lair: D:8-11

Altars:
Ashenzari
Cheibriados
Dithmenos
Fedhas
Gozag
Hepliaklqana
Kikubaaqudgha
Nemelex Xobeh
Okawaru
Qazlal
Ru
Sif Muna
Trog
Uskayaw
Vehumet
Wu Jian
Xom
Yredelemnul


Innate Abilities, Weirdness & Mutations

You have a moderately thin skeletal structure. (Dex +4, Stealth++)
You may rarely emit foul miasma when damaged in melee.
You regenerate a little health from kills.


Message History

You bump into the rock wall.
Something draws life force from you.
You bump into the rock wall.
Something hits you but does no damage. Something bites you but does no damage.
You hit something but do no damage. Something draws life force from you!
You bump into the rock wall.
Something completely misses you. Something bites you but does no damage.
You hit something. Something draws life force from you!
Something completely misses you. Something bites you.
Something draws strength from your injuries!
You emit a cloud of foul miasma!
You're wearing all the rings you can.
Remove which one? (? for menu, Esc to cancel) < or
i - a +6 ring of dexterity; > or
k - a +4 ring of protection You remove your +6 ring of dexterity.
You feel clumsy.
You feel less confused.
Reactivating autopickup.
o - a ring of see invisible (left hand)
You block the vampire's attack.
The vampire bites you but does no damage.
You hit the vampire.
The vampire suddenly stops moving!
The vampire is heavily damaged.
The vampire is no longer paralysed.
The vampire hits you but does no damage.
The vampire completely misses you.
You slash the vampire! You freeze the vampire.
The vampire is almost destroyed.
The vampire draws life force from you!
* * * LOW HITPOINT WARNING * * *
The vampire is healed by the life force!
You hit the vampire but do no damage.
The vampire is severely damaged.
You block the vampire's attack. The vampire bites you.
* * * LOW HITPOINT WARNING * * *
The vampire draws strength from your injuries!
You barely miss the vampire.
The vampire is severely damaged.
The vampire draws life force from you!!
You die...
Ru respects your ultimate sacrifice.

.# .. .#
.##################.###
.#..............@V.....
.#.##############!#.###
......... ... .#..#....
.#..# .##.##.#+ ....#
......... .# ...
...####...# #. .#
!.....#...# ....#.#...#


You could see a vampire (invisible).

Vanquished Creatures
  A shadow (D:7)
  A water moccasin (D:5)
  A sky beast (D:7)
  5 black bears
  3 centaurs
  An ogre (D:5)
  2 phantoms (D:5)
  A kobold brigand (D:7)
  2 bullfrogs (D:7)
  A scorpion (D:6)
  6 killer bees
  A howler monkey (D:8)
  2 bombardier beetles
  A gnoll bouda (D:6)
  2 hounds
  2 jellies
  2 orc priests
  Crazy Yiuf (D:6)
  2 sleepcaps (D:6)
  2 iguanas
  5 orc wizards
  5 gnolls (D:6)
  5 adders
  A white imp (D:6)
  3 ribbon worms
  A dart slug (D:2)
  24 orcs
  5 ball pythons
  5 endoplasms
  4 giant cockroaches
  8 hobgoblins
  3 jackals (D:5)
  14 kobolds
  4 quokkas
  5 bats
  A frilled lizard (D:1)
  7 goblins
  7 rats
146 creatures vanquished.

Vanquished Creatures (collateral kills)
  A ball python (D:3)
1 creature vanquished.

Grand Total: 147 creatures vanquished

Notes
Turn   | Place    | Note
-------+----------+-------------------------------------------
     0 | D:1      | inqbanana the Demonspawn Gladiator began the quest for the
                  | Orb.
     0 | D:1      | Reached XP level 1. HP: 16/16 MP: 1/1
   298 | D:1      | Gained mutation: You have a somewhat thin skeletal
                  | structure. (Dex +2, Stealth+) [demonic ancestry]
   298 | D:1      | Reached XP level 2. HP: 14/22 MP: 2/2
   417 | D:1      | Reached skill level 3 in Long Blades
   539 | D:1      | Found a faded altar of an unknown god.
   659 | D:1      | Got the Incunable of the Postmortem Legion
   950 | D:2      | Found a basalt altar of Yredelemnul.
  1049 | D:2      | Reached skill level 1 in Stealth
  1161 | D:2      | Gained mutation: You have a moderately thin skeletal
                  | structure. (Dex +4, Stealth++) [demonic ancestry]
  1161 | D:2      | Reached XP level 3. HP: 27/27 MP: 3/3
  2001 | D:3      | Reached XP level 4. HP: 34/34 MP: 4/4
  2077 | D:3      | Reached skill level 1 in Armour
  2283 | D:3      | Reached XP level 5. HP: 39/39 MP: 6/6
  2505 | D:3      | Reached skill level 1 in Shields
  2505 | D:3      | Reached skill level 1 in Spellcasting
  2681 | D:4      | Found a staircase to the Ecumenical Temple.
  2733 | Temple   | Entered the Ecumenical Temple
  3447 | D:5      | Entered Level 5 of the Dungeon
  3467 | D:5      | Noticed a black bear
  3477 | D:5      | Killed a black bear
  3478 | D:5      | Gained mutation: You may rarely emit foul miasma when
                  | damaged in melee. [demonic ancestry]
  3478 | D:5      | Reached XP level 6. HP: 34/47 MP: 6/8
  3546 | D:5      | Reached skill level 4 in Long Blades
  3647 | D:5      | Reached XP level 7. HP: 52/52 MP: 9/9
  4490 | D:6      | Gained mutation: You regenerate a little health from kills.
                  | [demonic ancestry]
  4490 | D:6      | Reached XP level 8. HP: 60/60 MP: 11/11
  4526 | D:6      | Found a runed translucent door.
  4527 | D:6      | Noticed Crazy Yiuf
  4561 | D:6      | Killed Crazy Yiuf
  4628 | D:6      | Found an ornate altar of the Wu Jian Council.
  4685 | D:6      | Reached skill level 5 in Long Blades
  5680 | D:7      | Reached skill level 5 in Stealth
  6152 | D:7      | Reached XP level 9. HP: 66/66 MP: 13/13
  6738 | Temple   | Became a worshipper of Ru the Awakened
  6838 | D:8      | Found a hide-covered altar of Uskayaw.
  6872 | D:8      | Reached skill level 6 in Long Blades
  7616 | D:8      | Killed from afar by a vampire

Illustrated notes

Levels and vault maps discovered:
D:1:      dpeg_arrival_circle_labyrinth_a, layout_loops_ring,
          shapermc_ecumenical_altar_venn, chequers_serial_rivers_small_b,
          chequers_serial_rivers_micro_e
D:2:      layout_loops_corners, basic_altar, kennysheep_generic_room_8
D:3:      layout_rooms, kennysheep_big_empty_room, minmay_misc_feat_cross
D:4:      layout_basic, minmay_temple_entry_enclosed_plants
D:5:      layout_basic, serial_park_tiny_pond, serial_bayou_lagoon_a
D:6:      layout_cave_pods, mainiacjoe_overflow_catwalk, uniq_crazy_yiuf_cottage
D:7:      layout_layer_cave, mrwooster_statue_mirror
D:8:      layout_basic, mainiacjoe_overflow_small_starburst,
          kennysheep_generic_room_15
Temple:   compressed_dpeg_triangle_lava_temple

Skill      XL: |  1  2  3  4  5  6  7  8  9 |
---------------+----------------------------+-----
Long Blades    | 3 4 5 6 |  6.1
Stealth        | 1 2 3 4 5 |  5.9
Dodging        | 3 4 |  4.7
Armour         | 1 2 3 |  3.5
Shields        | 1 2 3 |  3.3
Spellcasting   | 1 2 3 |  3.4
Fighting       | 3 4 |  4.8
Throwing       | |  1.7

Action                     |  1- 3 |  4- 6 |  7- 9 || total
---------------------------+-------+-------+-------++-------
  Melee: Long sword        |    95 |    85 |   248 ||   428
    Use: Scroll            |     5 |     2 |     2 ||     9
         Potion            |     3 |     4 |     8 ||    15
   Stab: Sleeping          |    17 |     7 |    15 ||    39
         Paralysed         |       |     1 |     1 ||     2
         Distracted        |       |       |     1 ||     1
         Confused          |       |       |     1 ||     1
 Armour: Leather armour    |    38 |     8 |       ||    46
         Scale mail        |       |    33 |   179 ||   212
         Chain mail        |       |       |    31 ||    31
  Dodge: Dodged            |    42 |    39 |   154 ||   235
  Block: Buckler           |     6 |    33 |   123 ||   162

Table legend: (Time is in decaauts)
 A = Elapsed time spent in this place.
 B = Non-inter-level travel time spent in this place.
 C = Inter-level travel time spent in this place.
 D = Time resting spent in this place.
 E = Time spent auto-exploring this place.
 F = Levels seen in this place.
 G = Mean time per level.
                   A        B        C        D        E       F      G
               +--------+--------+--------+--------+--------+-----+--------+
         Total |   7712 |   7117 |    595 |    156 |   5500 |   9 |  856.9 |
       Dungeon |   7578 |   7035 |    543 |    156 |   5500 |   8 |  947.2 |
        Temple |    133 |     82 |     51 |      0 |      0 |   1 |  133.0 |
               +--------+--------+--------+--------+--------+-----+--------+

Top non-repeatable levels by time:
     D:7: 1510 daAuts
     D:6: 1213 daAuts
     D:5: 1092 daAuts
     D:1: 954 daAuts
     D:2: 946 daAuts
     D:4: 880 daAuts
     D:3: 675 daAuts
     D:8: 304 daAuts
  Temple: 133 daAuts
